Match 38332454
Unlisted

Match 38332454
End
Selects Luftwaffe Battlegroup
Selects Luftwaffe Pioneer Support
Fallschirmpioneer Squad Paradrop
Construct Infanterie Kompanie
MG 42 Machine Gun Team
Fallschirmpioneer Squad Paradrop
MG 42 Machine Gun Team
Construct Panzergrenadier Kompanie
Fallschirmpioneer Squad Paradrop
251 Medium Carrier
Fallschirmpioneer Squad Paradrop
Panzergrenadier Squad
Panzergrenadier Squad
Selects Reconnaissance Run
Selects Fallschirmjäger Squad Paradrop
Selects Fragmentation Bombs
Fragmentation Bombs
Fallschirmjäger Squad Paradrop
Construct Panzer Kompanie
Selects Flak 38 Anti-Air Emplacement
Fallschirmpioneer Squad Paradrop
UH|XTC
insane
iceman
pa_zz
finneranbilly
favorite2v1?
0
0

Comments sign in to comment!

No comments posted yet!